 Dungeon Crawl Stone Soup version 0.32-a0-519-g08f29ac1c3 (webtiles) character file.

Game seed: 13458975677278827816

9 Alarak the Shooter (level 1, 0/17 HPs)
             Began as a Demigod Hunter on Feb 28, 2024.
             Slain by a jackal (3 damage)
             ... on level 1 of the Dungeon.
             The game lasted 00:01:44 (307 turns).

Alarak the Shooter (Demigod Hunter)                  Turns: 307, Time: 00:01:44

Health: 0/17       AC:  3    Str: 12    XL:     1   Next: 93%
Magic:  3/3        EV: 12    Int: 11    God:
Gold:   12         SH:  0    Dex: 17    Spells: 0/0 levels left

rFire   . . .        a - +0 shortbow
rCold   . . .        (shield currently unavailable)
rNeg    . . .        c - +0 leather armour
rPois   .            (no helmet)
rElec   .            (no cloak)
rCorr   .            (no gloves)
SInv    .            (no boots)
Will    +....        (no amulet)
Stlth   ++           (no ring)
HPRegen 0.22/turn    (no ring)
MPRegen 0.08/turn

%: no passive effects
@: brilliant, enlightened, flying
A: high MP 1, forlorn, divine attributes
a: no special abilities


You were on level 1 of the Dungeon.
You visited 1 branch of the dungeon, and saw 1 of its levels.

You collected 12 gold pieces.

Inventory:

Hand Weapons
 a - a +0 shortbow (weapon)
 d - a +0 rapier
Missiles
 e - 4 poisoned darts
Armour
 c - a +0 leather armour (worn)
Scrolls
 h - a scroll of identify {unknown}
Potions
 g - a potion of enlightenment


   Skills:
 - Level 1.7 Fighting
 + Level 4.1 Ranged Weapons
 - Level 1.7 Dodging
 - Level 0.8 Stealth


You couldn't memorise any spells.
You didn't know any spells.
Your spell library was empty.

Dungeon Overview and Level Annotations

Branches:
Dungeon (1/15)


Innate Abilities, Weirdness & Mutations

You have an increased reservoir of magic. (+10% MP)
You shall have no god before yourself.
Your divine heritage dramatically boosts your attributes as you level up.


Message History

The jackal closely misses you.
You shoot an arrow. The arrow closely misses the jackal. x2
The jackal bites you. x2
* * * LOW HITPOINT WARNING * * *
It was a potion of brilliance.
You feel clever all of a sudden. The jackal bites you.
* * * LOW HITPOINT WARNING * * *
It was a potion of enlightenment.
You feel very buoyant.
You fly up into the air.
The jackal closely misses you.
As you read the scroll of butterflies, it crumbles to dust.
You hear the flapping of tiny wings.
The jackal is knocked back by the sudden gust. x3
The jackal bites your butterfly.
Your butterfly dies!
Your butterfly disappears in a burst of colours!
The ball python misses your butterfly.
The ball python closely misses your butterfly.
The jackal misses your butterfly.
You swap places.
The jackal closely misses your butterfly.
The ball python completely misses your butterfly.
The ball python grabs your butterfly.
The ball python constricts your butterfly.
The jackal closely misses your butterfly.
You swap places.
The jackal barely misses your butterfly.
The ball python bites your butterfly.
Your butterfly dies!
Your butterfly disappears in a burst of colours!
The jackal completely misses your butterfly.
You swap places.
You swap places.
The jackal bites you.
* * * LOW HITPOINT WARNING * * *
You shoot an arrow. The arrow closely misses the jackal.
The arrow hits the ball python.
You kill the ball python!
The jackal closely misses you. The jackal bites you.
You die...

########.##.............. .
#.##.#####..###### . #####.##.#
###........ ..
#..†..##.###.......... #.
##†######.#...##....... #..
###..# ##....####.##.##
...######...## #.÷.#..###.##.#
.......b..########.####..##.##.#
............h.hh@..# ##....##.##
.#...########.bb..#####..#####..#
.....# #..bbbbb..#....# ##.#
...S.# #..bbbb÷..#.##.# #.#
.....# ###.#.bb..#.##.## #.#
.....# #.#...b...##..###.# #h...#
#.##>...#####..##.# ......
#.##....# ##.##.# #.##....#
##.##)#


You could see 3 jackals.

Vanquished Creatures
  3 ball pythons (D:1)
  A hobgoblin (D:1)
  3 kobolds (D:1)
  A quokka (D:1)
  A bat (D:1)
  A frilled lizard (D:1)
  A rat (D:1)
11 creatures vanquished.

Notes
Turn   | Place    | Note
-------+----------+-------------------------------------------
     0 | D:1      | Alarak the Demigod Hunter began the quest for the Orb.
     0 | D:1      | Reached XP level 1. HP: 17/17 MP: 3/3
   261 | D:1      | Reached skill level 4 in Ranged Weapons
   307 | D:1      | Slain by a jackal

Illustrated notes

Levels and vault maps discovered:
D:1:      lightli_arrival_statuegarden, layout_rooms

Skill      XL: |  1 |
---------------+----+-----
Ranged Weapons | 4 |  4.1
Fighting       | |  1.7
Dodging        | |  1.7
Stealth        | |  0.8

Action                     || total
---------------------------++-------
   Fire: Shortbow          ||    40
    Use: Potion            ||     2
         Scroll            ||     1
 Armour: Leather armour    ||    21
  Dodge: Dodged            ||    21

Table legend: (Time is in decaauts)
 A = Elapsed time spent in this place.
 B = Non-inter-level travel time spent in this place.
 C = Inter-level travel time spent in this place.
 D = Time resting spent in this place.
 E = Time spent auto-exploring this place.
 F = Levels seen in this place.
 G = Mean time per level.
                   A        B        C        D        E       F      G
               +--------+--------+--------+--------+--------+-----+--------+
         Total |    316 |    311 |      5 |      0 |    228 |   1 |  316.0 |
       Dungeon |    316 |    311 |      5 |      0 |    228 |   1 |  316.0 |
               +--------+--------+--------+--------+--------+-----+--------+

Top non-repeatable levels by time:
     D:1: 316 daAuts
